 Dungeon Crawl Stone Soup version 0.30-a0-1163-gf69bf04e7a (webtiles) character file.

Game seed: 11092160316187102288

754 zero the Ducker (level 8, -11/48 HPs)
             Began as a Kobold Hexslinger on Apr 28, 2023.
             Engulfed by a steam dragon's steam (20 damage)
             ... on level 6 of the Dungeon.
             The game lasted 00:11:13 (7553 turns).

zero the Ducker (Kobold Hexslinger)                 Turns: 7553, Time: 00:11:13

Health: -11/48     AC:  2    Str:  8    XL:     8   Next: 7%
Magic:  12/12      EV: 17    Int: 14    God:
Gold:   235        SH:  0    Dex: 17    Spells: 3/12 levels left

rFire   . . .        C - +0 arbalest (drain)
rCold   . . .        (shield currently unavailable)
rNeg    + . .        c - +0 robe
rPois   .            v - +0 hat {SInv}
rElec   .            t - scarf {repulsion}
rCorr   +            (no gloves)
SInv    +            (no boots)
Will    .....        (no amulet)
Stlth   ++++         k - ring of resist corrosion
HPRegen 0.28/turn    g - ring of positive energy
MPRegen 0.13/turn

%: repel missiles
@: no status effects
A: small, no large weapons, nightstalker 3
a: no special abilities


You were on level 6 of the Dungeon.
You visited 2 branches of the dungeon, and saw 7 of its levels.

You collected 368 gold pieces.
You spent 133 gold pieces at shops.

Inventory:

Hand Weapons
 a - a +2 sling
 m - a +1 short sword of venom
 r - a +0 rapier
 B - a +0 lajatang
 C - a +0 arbalest of draining (weapon)
Missiles
 o - 5 silver boomerangs
 y - 6 poisoned darts
Armour
 c - a +0 robe (worn)
 t - a scarf of repulsion (worn)
 v - a +0 hat of see invisible (worn)
Jewellery
 g - a ring of positive energy (right hand)
 k - a ring of resist corrosion (left hand)
 z - an amulet of regeneration
Scrolls
 b - a scroll of poison
 h - 2 scrolls of amnesia
 i - a scroll of vulnerability
 j - a scroll of fear
 l - 3 scrolls of teleportation
 s - 2 scrolls of magic mapping
Potions
 d - a potion of invisibility
 e - a potion of might {unknown}
 f - a potion of mutation
 n - a potion of magic
 p - a potion of ambrosia
 q - a potion of curing
 u - a potion of heal wounds {unknown}
 w - 2 potions of lignification
 x - 2 potions of brilliance
 A - a potion of cancellation


   Skills:
 + Level 4.4 Fighting
 - Level 3.0 Ranged Weapons
 - Level 1.0 Throwing
 + Level 5.6 Dodging
 + Level 4.4 Stealth
 + Level 2.9 Spellcasting
 - Level 3.0 Hexes
 + Level 1.3 Translocations
 + Level 1.2 Fire Magic
 + Level 1.3 Air Magic
 + Level 1.8 Poison Magic


You had 3 spell levels left.
You knew the following spells:

 Your Spells              Type           Power      Damage    Failure   Level
a - Slow                  Hex            40%        N/A       6%          1
b - Inner Flame           Hex/Fire       8%         N/A       26%         3
v - Poisonous Vapours     Pois/Air       12%        N/A       17%         2
J - Portal Projectile     Hex/Tloc       16%        N/A       26%         3

Your spell library contained the following spells:

 Spells                   Type           Power      Damage    Failure   Level
 Sting                    Tmut/Pois      16%        1d3       16%         1
 Cigotuvi's Dreadful Rot  Necr/Pois/Air  8%         N/A       22%         2
 Sublimation of Blood     Necr           2%         N/A       32%         2
 Ignite Poison            Fire/Tmut/Pois 4%         N/A       38%         3
 Cause Fear               Hex            5%         N/A       54%         4
 Olgreb's Toxic Radiance  Pois           7%         N/A       69%         4
 Petrify                  Tmut/Erth      2%         N/A       91%         4
 Freezing Cloud           Conj/Ice/Air   1%         6-21      99%         5
 Irradiate                Conj/Tmut      1%         3d12      99%         5


Dungeon Overview and Level Annotations

Branches:
Dungeon (6/15)             Temple (1/1) D:5

Altars:
Cheibriados
Elyvilon
Fedhas
Gozag
Kikubaaqudgha
Makhleb
Nemelex Xobeh
Okawaru
Qazlal
Ru
Sif Muna
Trog
Uskayaw
Vehumet
Wu Jian
Xom
Yredelemnul
Zin
The Shining One

Shops:
D:2 ((*

Annotations:
D:4 3 runed translucent doors, Glaciallarry's ghost, amateur OgAr; PostNTower's ghost, amateur DsFE; PostNTower's ghost, amateur DsFi; heinrich's ghost, amateur GnDe; t4s4d4r's ghost, amateur OgGl


Innate Abilities, Weirdness & Mutations

You are small and have problems with some larger weapons.
You are completely attuned to the shadows.


Message History

You shoot a bolt.
The bolt barely misses the steam dragon.
The steam dragon misses you. x2; The steam dragon bites you!
* * * LOW HITPOINT WARNING * * *
The steam dragon claws you.
* * * LOW HITPOINT WARNING * * *
You feel better. The steam dragon barely misses you.
The steam dragon claws you.
Fire: C) +0 arbalest (drain)
Press: ? - help, Shift-Dir - straight line, f/p - steam dragon
Aim: a steam dragon (heavily wounded, lightly drained, 57% to hit)
You shoot a bolt. The bolt hits the steam dragon!
The steam dragon is almost dead.
The steam dragon barely misses you. The steam dragon claws you.
Fire: C) +0 arbalest (drain)
Press: ? - help, Shift-Dir - straight line, f/p - steam dragon
Aim: a steam dragon (almost dead, lightly drained, 57% to hit)
You shoot a bolt.
The bolt barely misses the steam dragon.
The steam dragon breathes steam at you. The ball of steam misses you.
The steam dragon completely misses you.
The steam dragon claws you but does no damage.
Fire: C) +0 arbalest (drain)
Press: ? - help, Shift-Dir - straight line, f/p - steam dragon
Aim: a steam dragon (almost dead, catching its breath, lightly drained, 57% to hit)
You shoot a bolt.
The bolt closely misses the steam dragon.
You are engulfed in a cloud of scalding steam.
* * * LOW HITPOINT WARNING * * *
The steam dragon barely misses you. The steam dragon misses you.
The steam dragon barely misses you. x2
There's nothing to close nearby.
Unknown command.
Fire: C) +0 arbalest (drain)
Press: ? - help, Shift-Dir - straight line, f/p - steam dragon
Aim: a steam dragon (almost dead, lightly drained, 57% to hit)
You shoot a bolt.
The bolt closely misses the steam dragon.
You are engulfed in a cloud of scalding steam.
You die...

.##)......##...##.###.#.......⌠..#.
...................##########....#.
.##..........#.##..###.....###._.#.
.##.#####..###.##..##..._...#....#.
...................#..8...⌠...8..#.
.##.###.#...##.##..#....#..._...##.
....# #.#...##.##..#._.###.....####
.##.#.#.#..........#....########
......#.#.##...##@.#..⌠......######
................D§###..._..........
...##.#............###.............
.#.##.#.#.##...############..##..##
..........##.^. #...#..#.#..##..#
.#.##.#.#.##..D #...#.......##..#
..........##... #...#..#........#
.#.##.#.#.# #...#..<...[....##
.#.##.#.#.# #.................


You could see a steam dragon (drained).

Vanquished Creatures
  A centaur (D:6)
  2 bullfrogs (D:6)
  4 hounds
  2 jellies
  2 orc priests
  2 iguanas
  An orc wizard (D:3)
  A gnoll (D:3)
  8 adders
  A white imp (D:6)
  2 ufetubi (D:6)
  4 worms
  2 dart slugs
  16 orcs
  12 bats
  6 endoplasms
  6 giant cockroaches
  8 goblins
  5 hobgoblins
  9 kobolds
  3 quokkas
  7 ball pythons
  10 frilled lizards
  9 rats
123 creatures vanquished.

Vanquished Creatures (others)
  6 plants (D:4)
6 creatures vanquished.

Grand Total: 129 creatures vanquished

Notes
Turn   | Place    | Note
-------+----------+-------------------------------------------
     0 | D:1      | zero the Kobold Hexslinger began the quest for the Orb.
     0 | D:1      | Reached XP level 1. HP: 12/12 MP: 2/2
   145 | D:1      | Reached XP level 2. HP: 16/16 MP: 3/3
   191 | D:1      | Reached skill level 1 in Stealth
   384 | D:1      | Reached XP level 3. HP: 20/20 MP: 5/5
   439 | D:1      | Learned a level 3 spell: Inner Flame
   578 | D:1      | Reached skill level 3 in Dodging
   612 | D:1      | Found an ancient bone altar of Kikubaaqudgha.
   933 | D:1      | Found a faded altar of an unknown god.
  1272 | D:2      | Found Lueryaly's Weapon Emporium.
  1365 | D:2      | Found Fupinu's Weapon Shop.
  1383 | D:2      | Reached XP level 4. HP: 22/22 MP: 6/6
  1449 | D:2      | Found Ygaw's General Store.
  2329 | D:3      | Learned a level 3 spell: Portal Projectile
  2757 | D:2      | Reached XP level 5. HP: 16/32 MP: 6/8
  2841 | D:2      | Reached skill level 4 in Dodging
  3349 | D:3      | Reached skill level 5 in Dodging
  3349 | D:3      | Reached XP level 6. HP: 15/37 MP: 7/9
  3630 | D:3      | Learned a level 2 spell: Poisonous Vapours
  3688 | D:4      | Identified the +5 ring mail "Doicikha" {Rampage}
  3761 | D:5      | Entered Level 5 of the Dungeon
  4242 | D:4      | Found a runed translucent gate.
  4243 | D:4      | Found a runed translucent gate.
  4243 | D:4      | Noticed t4s4d4r's ghost (amateur OgGl)
  4243 | D:4      | Noticed PostNTower's ghost (amateur DsFE)
  4244 | D:4      | Found a runed translucent gate.
  4246 | D:4      | Noticed heinrich's ghost (amateur GnDe)
  4246 | D:4      | Noticed PostNTower's ghost (amateur DsFi)
  4689 | D:4      | Noticed Glaciallarry's ghost (amateur OgAr)
  4970 | D:5      | Reached skill level 1 in Poison Magic
  4970 | D:5      | Reached XP level 7. HP: 43/43 MP: 10/10
  4995 | D:5      | Found a staircase to the Ecumenical Temple.
  5159 | Temple   | Entered the Ecumenical Temple
  5604 | D:5      | Reached skill level 1 in Throwing
  6158 | D:2      | Bought a scroll of brand weapon for 133 gold pieces
  6740 | D:6      | Reached skill level 1 in Translocations
  6740 | D:6      | Reached skill level 1 in Fire Magic
  6740 | D:6      | Reached skill level 1 in Air Magic
  7330 | D:6      | Found an opulent altar of Gozag.
  7333 | D:6      | Found a stormy altar of Qazlal.
  7337 | D:6      | Found a glowing silver altar of Zin.
  7341 | D:6      | Found an ancient bone altar of Kikubaaqudgha.
  7344 | D:6      | Found a glowing golden altar of the Shining One.
  7384 | D:6      | Found a sacrificial altar of Ru.
  7423 | D:6      | Reached XP level 8. HP: 48/48 MP: 12/12
  7553 | D:6      | Engulfed by a steam dragon's steam

Illustrated notes

Levels and vault maps discovered:
D:1:      matt_arrival_refuge, layout_loops_ring,
          chequers_ecumenical_altar_island, minmay_hexomino_r4
D:2:      layout_basic, serial_shops, nicolae_shop_advertising_works
          [nicolae_subvault_shop_adworks], shop, shop
D:3:      layout_loops_cross, serial_glass, glass_columns_c, glass_columns_b,
          glass_columns_b, glass_columns_a, glass_columns_c, glass_columns_b,
          glass_columns_a, glass_columns_c, cheibrodos_gnoll_hut
D:4:      layout_rooms, gammafunk_ghost_cemetery, minmay_lizard_king
D:5:      layout_basic, minmay_temple_entry_proselytizer,
          minmay_misc_feat_diagonals, minmay_misc_feat_hallway
D:6:      layout_basic, nicolae_overflow_hallway_of_the_gods
Temple:   dshaligram_water_room_temple

Skill      XL: |  1  2  3  4  5  6  7 |
---------------+----------------------+-----
Stealth        | 1 2 3 4 |  4.4
Ranged Weapons | 3 |  3.0
Dodging        | 3 5 |  5.6
Fighting       | 2 3 4 |  4.4
Spellcasting   | 2 |  2.9
Poison Magic   | 1 |  1.8
Throwing       | 1 |  1.0
Translocations | 1 |  1.3
Fire Magic     | 1 |  1.2
Air Magic      | 1 |  1.3
Hexes          | |  3.0

Action                     |  1- 3 |  4- 6 |  7- 9 || total
---------------------------+-------+-------+-------++-------
  Melee: Short sword       |       |    16 |       ||    16
   Fire: Sling             |   100 |   210 |    40 ||   350
         Arbalest          |       |       |    49 ||    49
   Cast: Slow              |       |    21 |     2 ||    23
    Use: Scroll            |       |    11 |     9 ||    20
         Potion            |       |       |     1 ||     1
 Armour: Robe              |     6 |    20 |    11 ||    37
  Dodge: Dodged            |    29 |   118 |    95 ||   242
         Repelled          |       |     2 |       ||     2

Table legend: (Time is in decaauts)
 A = Elapsed time spent in this place.
 B = Non-inter-level travel time spent in this place.
 C = Inter-level travel time spent in this place.
 D = Time resting spent in this place.
 E = Time spent auto-exploring this place.
 F = Levels seen in this place.
 G = Mean time per level.
                   A        B        C        D        E       F      G
               +--------+--------+--------+--------+--------+-----+--------+
         Total |   7685 |   7217 |    468 |   1483 |   4716 |   7 | 1097.9 |
       Dungeon |   7411 |   6965 |    446 |   1483 |   4478 |   6 | 1235.2 |
        Temple |    273 |    251 |     22 |      0 |    238 |   1 |  273.0 |
               +--------+--------+--------+--------+--------+-----+--------+

Top non-repeatable levels by time:
     D:2: 1512 daAuts
     D:5: 1403 daAuts
     D:3: 1264 daAuts
     D:1: 1107 daAuts
     D:4: 1073 daAuts
     D:6: 1052 daAuts
  Temple: 273 daAuts
